 Dungeon Crawl Stone Soup version 0.31.0-12-g77e489cdc1 (webtiles) character file.

Game seed: 7380400155965734248

103630 FoolsGold the Fighter (level 16, -1/132 HPs)
             Began as a Merfolk Ice Elementalist on Mar 6, 2024.
             Was a High Priest of Qazlal.
             Constricted to death by a shambling mangrove (11 damage)
             ... on level 4 of the Swamp.
             The game lasted 01:40:05 (27925 turns).

FoolsGold the Fighter (Merfolk Ice Elementalist)   Turns: 27925, Time: 01:40:05

Health: -1/132     AC: 14    Str:  9    XL:     16   Next: 36%
Magic:  14/25      EV: 27    Int: 17    God:    Qazlal [*****.]
Gold:   764        SH: 21    Dex: 25    Spells: 4/19 levels left

rFire   . . .        a - +3 demon trident (vamp)
rCold   . . .        V - +1 kite shield {rN+}
rNeg    + . .        Q - +0 acid dragon scales
rPois   +            j - +0 helmet
rElec   .            s - scarf {repulsion}
rCorr   +            g - +0 pair of gloves
SInv    .            (boots currently unavailable)
Will    +....        H - amulet of regeneration
Stlth   +            z - +5 ring of evasion
HPRegen 1.22/turn    Y - ring of the Forsaken Xenops {rPois Dex+6}
MPRegen 0.19/turn

%: repel missiles
@: ice-armoured, about to teleport, grasped by roots, constricted, very quick
A: nimble swimmer 2, mertail
a: Renounce Religion, Upheaval, Elemental Force, Disaster Area


You were on level 4 of the Swamp.
You worshipped Qazlal.
Qazlal was extremely pleased with you.
You visited 3 branches of the dungeon, and saw 24 of its levels.
You visited 1 bazaar.
You also visited: Ossuary.

You collected 1942 gold pieces.
You spent 1178 gold pieces at shops.

Inventory:

Hand Weapons
 a - a +3 vampiric demon trident (weapon)
Missiles
 l - 45 poisoned darts
 m - 21 javelins
 v - 6 curare-tipped darts (quivered)
 A - 5 darts of dispersal
Armour
 g - a +0 pair of gloves (worn)
 j - a +0 helmet (worn)
 s - a scarf of repulsion (worn)
 Q - +0 acid dragon scales (worn)
 V - a +1 kite shield of positive energy (worn)
 X - a +0 buckler
Magical Staves
 b - a staff of conjuration
Jewellery
 t - the ring of the Serpent {rN+ Dex+6}
   (You found it on level 2 of the Lair of Beasts)

   [ring of positive energy]

   Dex+6:     It affects your dexterity (+6).
   rN+:       It protects you from negative energy.
 u - a ring of protection from fire
 z - a +5 ring of evasion (left hand)
 B - a +6 ring of strength
 H - an amulet of regeneration (around neck)
 S - a ring of magical power
 U - a ring of willpower
 Y - the ring of the Forsaken Xenops (right hand) {rPois Dex+6}
   (You found it on level 5 of the Lair of Beasts)

   [ring of dexterity]

   Dex+6:     It affects your dexterity (+6).
   rPois:     It protects you from poison
Wands
 i - a wand of flame (4)
 F - a wand of roots (9)
 L - a wand of paralysis (20)
 O - a wand of mindburst (11)
 W - a wand of quicksilver (11)
Scrolls
 c - 4 scrolls of immolation
 e - 4 scrolls of fear
 k - 2 scrolls of fog
 o - 2 scrolls of silence
 q - 2 scrolls of revelation
 r - 5 scrolls of enchant weapon
 w - 2 scrolls of summoning
 y - 5 scrolls of amnesia
 D - 9 scrolls of teleportation
 J - 5 scrolls of enchant armour
 K - 6 scrolls of poison
 P - a scroll of blinking
Potions
 d - 2 potions of heal wounds
 f - 7 potions of magic
 n - 8 potions of lignification
 p - 2 potions of invisibility
 x - 5 potions of curing
 E - 2 potions of attraction
 G - a potion of enlightenment
 I - a potion of resistance
 M - 8 potions of mutation
 N - 4 potions of brilliance
 R - 5 potions of ambrosia
 T - 3 potions of haste
 Z - 2 potions of might
Miscellaneous
 h - a lightning rod (4/4)
 C - a box of beasts


   Skills:
 - Level 13.8 Fighting
 - Level 1.4(4.7) Axes
 - Level 11.2(11.3) Polearms
 - Level 13.2 Dodging
 - Level 2.2 Stealth
 + Level 8.5 Shields
 - Level 2.0 Spellcasting
 - Level 10.4 Conjurations
 - Level 12.9 Ice Magic
 - Level 8.9 Air Magic
 + Level 12.0 Invocations
 - Level 5.0 Evocations


You had 4 spell levels left.
You knew the following spells:

 Your Spells              Type           Power      Damage    Failure   Level
a - Freeze                Ice            100%       1d10      1%          1
b - Ozocubu's Armour      Ice            45%        N/A       1%          3
c - Frozen Ramparts       Ice            90%        1d14      1%          3
d - Freezing Cloud        Conj/Ice/Air   19%        6-21      36%         5
e - Stone Arrow           Conj/Erth      38%        3d9       38%         3

Your spell library contained the following spells:

 Spells                   Type           Power      Damage    Failure   Level
 Static Discharge         Conj/Air       68%        3-6/arc   3%          2
 Mephitic Cloud           Conj/Alch/Air  23%        N/A       24%         3
 Summon Ice Beast         Ice/Summ       23%        N/A       24%         3
 Mercury Vapours          Alch/Air       34%        N/A       26%         2
 Airstrike                Air            16%        2d(3-19)  28%         4
 Dazzling Flash           Conj/Hex       38%        N/A       38%         3
 Sandblast                Erth           2%         2d4       75%         1
 Brom's Barrelling Bould  Conj/Erth      19%        2d4       80%         4
 Summon Lightning Spire   Summ/Air       17%        N/A       87%         4
 Passwall                 Erth           1%         N/A       98%         3
 Volatile Blastmotes      Fire/Tloc      2%         2d10      98%         3
 Animate Armour           Summ/Erth      2%         N/A       100%        4
 Leda's Liquefaction      Alch/Erth      0%         N/A       100%        4
 Petrify                  Alch/Erth      1%         N/A       100%        4
 Iskenderun's Battlesphe  Conj           37%        2d9       41%         5
 Metabolic Englaciation   Hex/Ice        11%        N/A       92%         5
 Conjure Ball Lightning   Conj/Air       17%        3x3d6     97%         6
 Fireball                 Conj/Fire      9%         3d6       98%         5
 Lee's Rapid Deconstruct  Erth           0%         3d4*      100%        5
 Starburst                Conj/Fire      9%         6d5       100%        6
 Orb of Destruction       Conj           18%        9d8       100%        7
 Lehudib's Crystal Spear  Conj/Erth      9%         10d4      100%        8
 Maxwell's Capacitive Co  Air            16%        ∞         100%        8


Dungeon Overview and Level Annotations

Branches:
Dungeon (15/15)            Temple (0/1) D:6            Lair (5/5) D:10
  Swamp (4/4) Lair:2       Spider (0/4) Lair:3        Slime (0/5) Lair:5
    Orc (0/2) D:10         Vaults (0/5) D:14        Ossuary (visited)
 Depths: D:15

Altars:
Elyvilon
Kikubaaqudgha
Qazlal
Trog
Vehumet
Wu Jian
Yredelemnul

Shops:
D:3 *   D:4 ?   D:8 *   D:10 *?   D:13 *

Annotations:
D:4 exclusion: downstairs
Swamp:1 2 transporters, Wooc's ghost, adept GrFi
Swamp:3 2 transporters, Favurul's ghost, adept DrAl


Innate Abilities, Weirdness & Mutations

You are very nimble when in or above water. (Stealth+, EV+, Speed+++)
Your lower body shifts to a powerful aquatic tail in water.


Message History

The shambling mangrove completely misses you.
The grasping roots constrict you!
You hit the shambling mangrove but do no damage.
The shambling mangrove is heavily damaged.
The phantasmal warrior is engulfed in freezing vapours.
The phantasmal warrior completely misses you.
Unknown command.
You puncture the shambling mangrove!
You feel better.
You tail-slap the shambling mangrove, but do no damage.
The shambling mangrove is heavily damaged.
You hear a roar!
The shambling mangrove is engulfed in freezing vapours.
Angry insects surge out from beneath the shambling mangrove's foliage!
The shambling mangrove closely misses you.
The grasping roots constrict you!
The phantasmal warrior is engulfed in freezing vapours.
The phantasmal warrior completely misses you.
You hit the shambling mangrove but do no damage.
The shambling mangrove is heavily damaged.
The hornet is engulfed in freezing vapours.
You block the hornet's attack.
The hornet is engulfed in freezing vapours.
The phantasmal warrior is engulfed in freezing vapours.
You block the phantasmal warrior's attack.
The shambling mangrove is engulfed in freezing vapours.
The shambling mangrove hits you!!
* * * LOW HITPOINT WARNING * * *
The grasping roots constrict you!!
* * * LOW HITPOINT WARNING * * *
As you read the scroll of teleportation, it crumbles to dust.
You feel strangely unstable.
The hornet is engulfed in freezing vapours.
You block the hornet's attack.
The hornet is engulfed in freezing vapours.
The phantasmal warrior is engulfed in freezing vapours.
You block the phantasmal warrior's attack.
The shambling mangrove is engulfed in freezing vapours.
You block the shambling mangrove's attack.
The grasping roots constrict you!
You die...

♣♣ ~~~~~~~~.~~~~§..♣♣
~~...~~~.~~~.~~~.♣
.♣♣♣~...~.~§~~~~♣♣
§♣♣...§.○..~.♣♣♣ ~
♣♣~♣~.Z~~.○☼§~~~~~.♣
~.♣♣~..♣~f~~~~§§§§~~~~♣
..♣♣..[..~~~~~~☼y§~~~~♣
♣♣♣..~~~.§~~~.♣♣fy..~.♣
♣ ♣.~~~~.......♣@~§..♣♣
~♣♣.~~~Z~Z♣♣♣♣ZW♣§~~♣♣
#..~~~~~Z.~♣ ♣♣♣♣~§~♣
#.~~§~~..♣ ♣♣♣♣♣♣♣
#~~~~~k♣♣♣ ♣.~♣
#~~~~~~w♣♣♣♣♣♣..♣♣♣
#~††....~~~.♣♣♣♣.~♣
#.~~..♣Z~~~.~~~~~.♣
#.♣..♣♣~w.k~~~~~~.♣


You could see a shambling mangrove, a phantasmal warrior, 2 hornets and a swamp
dragon zombie.

Vanquished Creatures
  Agnes (D:15)
  A thorn hunter (Lair:2)
  Louise (D:14)
  2 eleionomae
  3 bunyips
  A fire dragon (D:14)
  A shambling mangrove (Swamp:3)
  11 hydras
  A yaktaur captain (D:14)
  A centaur warrior (D:13)
  2 boulder beetles
  A ghost crab (Swamp:4)
  4 two-headed ogres
  A death knight (D:14)
  2 catoblepae
  10 alligators
  11 spriggans
  A tengu warrior (D:14)
  Urug (D:10)
  4 goliath frogs
  2 skysharks (Lair:5)
  4 skeletal warriors (D:11)
  A flayed ghost (Swamp:4)
  2 spriggan druids
  4 swamp dragons
  2 bog bodies
  2 phantasmal warriors (D:14)
  2 deep elf pyromancers
  Pikel (D:6)
  A salamander (shapeshifter) (D:13)
  11 ugly things
  3 will-o-the-wisps
  4 cyclopes
  2 manticores
  6 elephants (Lair:1)
  Joseph (Lair:1)
  2 black mambas
  Jeremiah (D:6)
  2 torpor snails (Lair:3)
  3 gargoyles
  24 cane toads
  2 rime drakes
  2 yaktaurs (D:14)
  An efreet (D:14)
  11 komodo dragons
  A freezing wraith (D:14)
  5 trolls
  9 tyrant leeches
  A hydra zombie (Swamp:4)
  2 polar bears (Lair:3)
  12 hornets
  7 dream sheep
  11 blink frogs
  A jumping spider (Lair:3)
  A jumping spider (shapeshifter) (D:14)
  2 shadows
  A vampire (D:12)
  3 wraiths
  2 ynoxinuls (D:9)
  Sigmund (D:5)
  56 yaks
  3 wyverns
  A basilisk (Lair:5)
  2 redbacks (Lair:3)
  A steam dragon (D:8)
  Grum (Lair:1)
  18 vampire mosquitoes
  16 swamp worms
  Menkaure (D:4)
  Duvessa (D:6)
  An acid dragon (D:9)
  15 water moccasins
  3 swamp drakes
  4 black bears
  5 orc warriors
  A swamp dragon zombie (Swamp:4)
  An ice beast (D:6)
  A laughing skull (D:14)
  2 ogres
  14 wolves
  2 centaurs
  2 phantoms
  2 kobold brigands
  4 lemures
  16 bullfrogs
  2 scorpions
  2 burial acolytes (Ossuary)
  10 wights
  Dowan (D:6)
  5 killer bees (D:8)
  2 bombardier beetles
  7 electric eels
  6 howler monkeys
  2 lava snakes (Lair:2)
  3 hounds (D:5)
  3 jellies
  Crazy Yiuf (D:5)
  12 orc priests
  A sleepcap (D:4)
  4 iguanas
  18 orc wizards
  A mummy (D:7)
  A gnoll (D:4)
  6 adders
  5 shadow imps
  A white imp (D:7)
  7 ufetubi (D:9)
  A ribbon worm (D:2)
  A dart slug (D:4)
  37 orcs
  15 bats
  8 endoplasms
  2 giant cockroaches
  7 goblins
  2 hobgoblins
  5 jackals
  12 kobolds
  2 quokkas
  6 ball pythons
  3 ball python skeletons (Ossuary)
  A frilled lizard (D:3)
  3 hobgoblin skeletons (Ossuary)
  A kobold skeleton (Ossuary)
  An orc skeleton (Ossuary)
  6 rats
  2 butterflies (Lair:5)
603 creatures vanquished.

Vanquished Creatures (collateral kills)
  A tentacled monstrosity (Swamp:4)
  2 fenstrider witches
  An alligator (Swamp:4)
  A cane toad (Lair:3)
  4 polar bears (Lair:3)
  A swamp worm (Swamp:4)
10 creatures vanquished.

Vanquished Creatures (others)
  18 foxfires
18 creatures vanquished.

Grand Total: 631 creatures vanquished

Notes
Turn   | Place    | Note
-------+----------+-------------------------------------------
     0 | D:1      | FoolsGold the Merfolk Ice Elementalist began the quest for
                  | the Orb.
     0 | D:1      | Reached XP level 1. HP: 13/13 MP: 3/3
   174 | D:1      | Reached skill level 1 in Fighting
   174 | D:1      | Reached XP level 2. HP: 21/21 MP: 3/5
   457 | D:1      | Found a faded altar of an unknown god.
  1114 | D:2      | Reached XP level 3. HP: 24/27 MP: 1/6
  1229 | D:2      | Learned a level 3 spell: Ozocubu's Armour
  1661 | D:2      | Reached skill level 5 in Ice Magic
  1661 | D:2      | Reached XP level 4. HP: 33/34 MP: 0/7
  1734 | D:2      | Identified the +3 war axe of Okawaru, Shifting {flame,
                  | +Blink}
  1972 | D:3      | Reached skill level 1 in Axes
  2113 | D:3      | Reached XP level 5. HP: 17/40 MP: 4/8
  2195 | D:3      | Reached skill level 1 in Polearms
  2303 | D:3      | Reached XP level 6. HP: 46/46 MP: 4/9
  2668 | D:3      | Found Puiza's Assorted Antiques.
  2675 | D:3      | Bought a scroll of identify for 50 gold pieces
  2991 | D:4      | Found Orpheytya's Magic Scroll Shoppe.
  3737 | D:4      | Learned a level 3 spell: Frozen Ramparts
  3864 | D:4      | Found an ornate altar of the Wu Jian Council.
  3890 | D:4      | Found a stormy altar of Qazlal.
  3894 | D:4      | Became a worshipper of Qazlal Stormbringer
  3982 | D:5      | Entered Level 5 of the Dungeon
  3982 | D:5      | Noticed a black bear
  3982 | D:5      | Noticed Sigmund
  4040 | D:5      | Noticed a water moccasin
  4050 | D:5      | Noticed Menkaure
  4184 | D:4      | Killed Menkaure
  4185 | D:4      | Reached XP level 7. HP: 41/55 MP: 10/10
  4274 | D:5      | Reached skill level 5 in Fighting
  4318 | D:5      | Reached skill level 5 in Dodging
  4417 | D:5      | Reached skill level 5 in Polearms
  4482 | D:5      | Reached XP level 8. HP: 62/65 MP: 1/11
  4606 | D:5      | Noticed a yak
  4865 | D:5      | Found a radiant altar of Vehumet.
  5004 | D:5      | Killed Sigmund
  5033 | D:5      | Found a runed translucent door.
  5034 | D:5      | Noticed Crazy Yiuf
  5121 | D:5      | Killed Crazy Yiuf
  5217 | D:5      | Noticed a yak
  5217 | D:5      | Noticed a yak
  5218 | D:5      | Noticed a yak
  5237 | D:5      | Killed a yak
  5242 | D:5      | Killed a yak
  5246 | D:5      | Killed a yak
  5247 | D:5      | Reached XP level 9. HP: 55/76 MP: 3/12
  5257 | D:5      | Reached * piety under Qazlal
  5541 | D:6      | Noticed Jeremiah
  5556 | D:6      | Noticed Pikel
  5823 | D:6      | Reached skill level 10 in Fighting
  5993 | D:6      | Noticed Duvessa
  6020 | D:6      | Killed Duvessa
  6062 | D:6      | Noticed Dowan
  6070 | D:6      | Killed Dowan
  6267 | D:6      | Found a white marble altar of Elyvilon.
  6446 | D:6      | Killed Pikel
  6447 | D:6      | Reached skill level 10 in Polearms
  6447 | D:6      | Reached skill level 10 in Dodging
  6447 | D:6      | Reached XP level 10. HP: 44/89 MP: 9/13
  6613 | D:6      | Killed Jeremiah
  6691 | D:6      | Found a staircase to the Ecumenical Temple.
  7441 | D:7      | Reached ** piety under Qazlal
  7481 | D:7      | Reached skill level 1 in Evocations
  7505 | D:7      | Found a sand-covered staircase.
  7520 | Ossuary  | Entered an ossuary
  8838 | D:8      | Found Synoklao's Wicked Wares.
  9197 | D:8      | Noticed a two-headed ogre
  9216 | D:8      | Killed a two-headed ogre
  9313 | D:8      | Reached skill level 1 in Conjurations
  9313 | D:8      | Reached skill level 1 in Air Magic
  9313 | D:8      | Reached XP level 11. HP: 86/99 MP: 14/14
 10217 | D:9      | Reached *** piety under Qazlal
 10619 | D:9      | Found an ancient bone altar of Kikubaaqudgha.
 10830 | D:9      | Learned a level 5 spell: Freezing Cloud
 10853 | D:10     | Entered Level 10 of the Dungeon
 10853 | D:10     | Noticed a two-headed ogre
 10869 | D:10     | Killed a two-headed ogre
 11108 | D:10     | Found a staircase to the Lair.
 11155 | D:10     | Reached skill level 1 in Invocations
 11360 | D:10     | Found Alarawam's Magic Scroll Shop.
 11371 | D:10     | Noticed Urug
 11399 | D:10     | Killed Urug
 11434 | D:10     | Bought a scroll of teleportation for 45 gold pieces
 11434 | D:10     | Bought a scroll of teleportation for 45 gold pieces
 11699 | D:10     | Found a staircase to the Orcish Mines.
 11714 | D:10     | Reached **** piety under Qazlal
 11839 | D:10     | Found Joschimpu's Neck Hole.
 11974 | D:11     | Noticed a skeletal warrior
 11974 | D:11     | Noticed a skeletal warrior
 11974 | D:11     | Noticed a skeletal warrior
 12028 | Lair:1   | Entered Level 1 of the Lair of Beasts
 12035 | Lair:1   | Noticed Joseph
 12138 | D:10     | Reached skill level 5 in Invocations
 12169 | Lair:1   | Killed Joseph
 12398 | Lair:1   | Reached XP level 12. HP: 95/106 MP: 16/16
 12485 | Lair:1   | Noticed Grum
 12526 | D:10     | HP: 5/106 [poisoned by a black mamba]
 12984 | Lair:1   | Killed Grum
 12991 | Lair:1   | Reached skill level 5 in Air Magic
 13339 | Lair:1   | Reached skill level 5 in Conjurations
 13884 | Lair:1   | Reached skill level 5 in Evocations
 14066 | Lair:2   | Found a basalt altar of Yredelemnul.
 14102 | Lair:2   | Found a staircase to the Swamp.
 14252 | Lair:2   | Reached ***** piety under Qazlal
 14555 | Lair:2   | Identified the ring of the Serpent {rN+ Dex+6}
 14800 | Lair:2   | Noticed a catoblepas
 14825 | Lair:2   | Killed a catoblepas
 15342 | Lair:3   | Noticed a six-headed hydra
 15352 | Lair:3   | Killed a six-headed hydra
 15353 | Lair:3   | Reached XP level 13. HP: 94/112 MP: 18/18
 15452 | Lair:3   | Found a hole to the Spider Nest.
 15806 | Lair:3   | Reached skill level 10 in Ice Magic
 17470 | Lair:5   | Entered Level 5 of the Lair of Beasts
 17902 | Lair:5   | Reached XP level 14. HP: 106/119 MP: 17/19
 18468 | Lair:5   | Found a staircase to the Slime Pits.
 18656 | Lair:5   | Learned a level 3 spell: Stone Arrow
 18922 | Lair:5   | Identified the +0 battleaxe of the Pharaoh's Fist {pain,
                  | rPois rC++ Will+ Str-5}
 18935 | Lair:5   | Identified the ring of the Forsaken Xenops {rPois Dex+6}
 19380 | Swamp:1  | Entered Level 1 of the Swamp
 19393 | Swamp:1  | Noticed a thorn hunter
 20425 | D:12     | Identified the +2 leather armour of Leapfrog {rPois Int-4
                  | Dex+4}
 21581 | D:4      | Bought a scroll of identify for 28 gold pieces
 21581 | D:4      | Bought a scroll of teleportation for 42 gold pieces
 21581 | D:4      | Bought a scroll of identify for 28 gold pieces
 21581 | D:4      | Bought a scroll of identify for 28 gold pieces
 21581 | D:4      | Bought a scroll of identify for 28 gold pieces
 22132 | D:13     | Found Dinohur's General Store.
 22135 | D:13     | Bought a scroll of teleportation for 42 gold pieces
 22135 | D:13     | Bought a scroll of teleportation for 42 gold pieces
 22681 | D:14     | Found a flickering gateway to a bazaar.
 22694 | Bazaar   | Entered a bazaar
 22708 | Bazaar   | Found Peihiz's Weapon Emporium.
 22731 | Bazaar   | Found Oxof's Antique Weapon Emporium.
 22731 | Bazaar   | Found Kuracecs's Weapon Shoppe.
 22753 | Bazaar   | Found Atocee Pede's Jewellery Emporium.
 22768 | Bazaar   | Found Veppuin's Weapon Emporium.
 22768 | Bazaar   | Found Ciyc's Assorted Antiques.
 22803 | Bazaar   | Bought a tourmaline ring for 160 gold pieces
 22804 | Bazaar   | Bought a curved smoking staff for 384 gold pieces
 22804 | Bazaar   | Bought a potion of magic for 256 gold pieces
 23048 | D:14     | Reached XP level 15. HP: 115/125 MP: 17/20
 23056 | D:14     | Found a gate to the Vaults.
 23322 | D:14     | Reached skill level 10 in Conjurations
 23858 | D:14     | Noticed Louise
 23915 | D:14     | Killed Louise
 24161 | D:15     | Entered Level 15 of the Dungeon
 24181 | D:15     | Noticed Agnes
 24192 | D:15     | Killed Agnes
 24193 | D:15     | Reached skill level 1 in Shields
 24400 | Lair:2   | Killed a thorn hunter
 24591 | Swamp:1  | Noticed a ghoul
 24592 | Swamp:1  | Found a transporter.
 24592 | Swamp:1  | Noticed Wooc's ghost (adept GrFi)
 24597 | Swamp:1  | Noticed a tentacled monstrosity
 24858 | Swamp:1  | Reached ****** piety under Qazlal
 25083 | Swamp:1  | Found a transporter.
 25661 | Swamp:2  | Reached skill level 5 in Shields
 26181 | Swamp:3  | Reached skill level 10 in Invocations
 26240 | Swamp:3  | Noticed a fenstrider witch
 26240 | Swamp:3  | Paralysed by a fenstrider witch for 5 turns
 26252 | Swamp:3  | Killed a fenstrider witch
 26577 | Swamp:3  | Found a transporter.
 26577 | Swamp:3  | Found a transporter.
 26587 | Swamp:3  | Found a bloodstained altar of Trog.
 26587 | Swamp:3  | Noticed Favurul's ghost (adept DrAl)
 26989 | Swamp:4  | Entered Level 4 of the Swamp
 26989 | Swamp:4  | Noticed a tentacled monstrosity
 27066 | Swamp:3  | Reached XP level 16. HP: 132/132 MP: 24/24
 27100 | Swamp:4  | Noticed a fenstrider witch
 27221 | Swamp:4  | Killed a tentacled monstrosity
 27234 | Swamp:4  | Paralysed by a fenstrider witch for 4 turns
 27322 | Swamp:4  | Killed a fenstrider witch
 27925 | Swamp:4  | Constricted to death by a shambling mangrove

Illustrated notes

Levels and vault maps discovered:
D:1:      amcnicky_arrival_blooded_trapdoor, layout_basic,
          hellmonk_ecumenical_altar_heavens_door, serial_bayou_lagoon_b
D:2:      layout_rooms, minmay_split_cup_large
D:3:      layout_loops_ring, serial_shops, nicolae_shop_overgrown_old_shop,
          grunt_ministairs_4, roderic_batcave
D:4:      layout_cave_pods, mainiacjoe_overflow_big_doors, serial_shops,
          shop_statue, minmay_manual_mess
D:5:      layout_rooms, nicolae_vehumet_radiance, gup_sewer_entry_bowl,
          minmay_bent, uniq_crazy_yiuf_cottage, uniq_sigmund, uniq_menkaure
D:6:      layout_loops_ring, elyvilon_altar_1, minmay_temple_entry_arrows,
          kennysheep_cross_bottleneck, uniq_jeremiah, uniq_pikel, uniq_duvessa
D:7:      layout_loops_ring, gup_ossuary_entry_pyramid
D:8:      layout_cave_pods, nicolae_evil_shop
D:9:      layout_basic, overflow_temple_1_default, minmay_statues_item,
          nicolae_fort_ynox
D:10:     layout_long_grid, lair_entry_dummy, erik_orc_1, serial_shops,
          nicolae_square_shop, nicolae_shop_sticking_my_neck_out, uniq_urug
D:11:     layout_loops_ring
D:12:     layout_grid_maze
D:13:     layout_basic, serial_shops, nicolae_shop_tiny_real_fake_doors,
          kennysheep_generic_room_10
D:14:     layout_gridville, david_vaults_2, serial_shops, bzr_entry_gold,
          hangedman_decor_diamond_cutter, uniq_louise
D:15:     hangedman_depths_entry_try_elsewhere_first, layout_stronghold,
          serial_ice, serial_ice_m, serial_ice_b, serial_ice_n, serial_ice_g,
          serial_ice_i, serial_ice_d, serial_shops, shop, shop,
          reono_crystal_passage, hangedman_decor_clover_reticule, uniq_agnes
Lair:1:   layout_misc_corridors, uniq_joseph, uniq_grum
Lair:2:   layout_gridlike, swamp_mist_pool, basic_altar, beast_lair_carwin_8,
          lemuel_fruit_tree, infiniplex_staircase_pool
Lair:3:   layout_roguey, spider_nest_entry_a, chequers_serial_rivers_micro_e,
          cheibrodos_lair_lostbears
Lair:4:   layout_regular_city, pond
Lair:5:   minmay_lair_end_frog_pond, layout_loops_ring, slime_entry_1,
          lemuel_fruit_fields, serial_bayou_shore_a
Swamp:1:  cheibrodos_swamp_tower_of_moss, layout_basic_swamp,
          gammafunk_ghost_arena, nicolae_swamp_tree_designs
Swamp:2:  layout_basic_swamp, serial_swamp_ruin, evilmike_swamp_ruin_house_1,
          evilmike_swamp_ruin_house_3, evilmike_swamp_ruin_rubble_1,
          nicolae_swamp_well_well_well, swamp_pool_1_2,
          nicolae_swamp_tree_isthmus
Swamp:3:  layout_basic_swamp, gammafunk_ghost_wrathful_warriors,
          evilmike_swamp_ruin_wall
Swamp:4:  byrel_swamp_growth_death_and_undeath, layout_basic_swamp,
          nicolae_swamp_long_stream

Skill      XL: |  1  2  3  4  5  6  7  8  9 10 11 12 13 14 15 16 |
---------------+-------------------------------------------------+-----
Fighting       | 1 2 4 6 9 11 13 | 13.8
Ice Magic      | 5 6 9 12 | 12.9
Axes           | 1 |  1.4
Polearms       | 2 4 5 7 10 11 | 11.2
Dodging        | 4 5 7 10 12 13 | 13.2
Evocations     | 4 5 |  5.0
Conjurations   | 1 4 7 9 10 | 10.4
Air Magic      | 1 4 5 8 |  8.9
Invocations    | 6 7 10 12 | 12.0
Shields        | 6 8 |  8.5
Stealth        | |  2.2
Spellcasting   | |  2.0

Action                     |  1- 3 |  4- 6 |  7- 9 | 10-12 | 13-15 | 16-18 || total
---------------------------+-------+-------+-------+-------+-------+-------++-------
  Melee: Quarterstaff      |     5 |       |       |       |       |       ||     5
         Short sword       |     8 |     8 |       |       |       |       ||    16
         War axe           |       |    22 |       |       |       |       ||    22
         Punch             |       |     1 |     2 |    17 |       |       ||    20
         Trident           |       |    43 |   193 |   848 |   508 |       ||  1592
         Tailslap          |       |       |       |    14 |    59 |    42 ||   115
         Staff             |       |       |       |     2 |       |       ||     2
         Halberd           |       |       |       |       |   375 |       ||   375
         Demon trident     |       |       |       |       |   477 |   179 ||   656
   Fire: Sling             |    35 |    20 |       |     9 |       |       ||    64
  Throw: Dart              |       |       |       |    13 |       |       ||    13
   Cast: Freeze            |    38 |    36 |    36 |     4 |       |       ||   114
         Ozocubu's Armour  |       |     1 |    10 |    27 |    43 |     7 ||    88
         Frozen Ramparts   |       |       |    20 |    61 |    61 |       ||   142
         Stone Arrow       |       |       |       |       |     5 |       ||     5
         Freezing Cloud    |       |       |       |       |     2 |     4 ||     6
 Invoke: Elemental Force   |       |       |       |       |     2 |     2 ||     4
         Upheaval          |       |       |       |       |     3 |     5 ||     8
    Use: Scroll            |       |     8 |     5 |     6 |    11 |     3 ||    33
         Potion            |       |     1 |       |     2 |     2 |     2 ||     7
   Stab: Sleeping          |       |     6 |     1 |       |       |       ||     7
         Distracted        |       |     2 |       |       |     1 |     1 ||     4
         Paralysed         |       |       |       |       |     1 |       ||     1
 Armour: Ring mail         |    11 |       |       |       |       |       ||    11
         Leather armour    |    15 |    74 |    98 |    73 |       |       ||   260
         Robe              |     1 |       |       |       |       |       ||     1
         Acid dragon scale |       |       |       |   181 |   454 |   104 ||   739
  Dodge: Dodged            |    30 |    57 |    85 |   580 |   777 |   187 ||  1716
         Repelled          |       |     1 |       |     7 |    11 |     4 ||    23
  Block: Other             |       |       |     2 |    92 |    71 |       ||   165
         Buckler           |       |       |       |    27 |   413 |       ||   440
         Kite shield       |       |       |       |       |    75 |   264 ||   339
